 Dungeon Crawl Stone Soup version 0.20.1-1-g8b1a95d (webtiles) character file.

40485 Gargoyl the Tortoise (level 13, -1/114 HPs)
             Began as a Minotaur Abyssal Knight on July 23, 2017.
             Was a High Priest of Lugonu.
             Drowned by a drowned soul (16 damage)
             ... summoned by a merfolk avatar
             ... on level 6 of the Lair of Beasts.
             The game lasted 00:42:55 (20304 turns).

Gargoyl the Tortoise (Minotaur Abyssal Knight)     Turns: 20304, Time: 00:42:55

Health: -1/114     AC: 24    Str: 19    XL:     13   Next: 74%
Magic:  13/20      EV:  7    Int: 12    God:    Lugonu [*****.]
Gold:   182        SH: 11    Dex: 13    Spells: 12/12 levels left

rFire    + + .     SeeInvis .   F - +0 hand axe (elec)
rCold    . . .     Gourm    .   U - +0 shield
rNeg     + + .     Faith    .   J - +0 plate armour "Pewytag" {rF+ rN+ Regen+}
rPois    .         Spirit   .   m - +2 hat {Int+3}
rElec    .         Reflect  .   (no cloak)
rCorr    .         Harm     .   d - +2 pair of gloves
MR       .....                  M - +0 pair of boots
Stlth    ..........             o - amulet of rage
Regen    0.7/turn               h - ring of positive energy
MPRegen  0.2/turn               u - ring of protection from fire

@: lethally poisoned (-1 -> -2), about to teleport, mesmerised, very slow
A: retaliatory headbutt, horns 2
a: Depart the Abyss, Bend Space, Banish, Corrupt, Enter the Abyss, Renounce
Religion, Evoke Berserk Rage


You were on level 6 of the Lair of Beasts.
You worshipped Lugonu.
Lugonu was extremely pleased with you.
You were near starving.

You visited 2 branches of the dungeon, and saw 16 of its levels.
You visited the Abyss 1 time.

You collected 1148 gold pieces.
You spent 966 gold pieces at shops.

Inventory:

Hand Weapons
 p - a +0 spear of piercing
 F - a +0 hand axe of electrocution (weapon)
 O - a +1 war axe of distortion
 T - a +0 broad axe
Armour
 d - a +2 pair of gloves (worn)
 m - a +2 hat of intelligence (worn)
 J - the +0 plate armour "Pewytag" (worn) {rF+ rN+ Regen+}
   (You bought it in a shop on level 8 of the Dungeon)

   It protects you from fire.
   It protects you from negative energy.
   It increases your rate of regeneration.
 M - a +0 pair of boots (worn)
 U - a +0 shield (worn)
Jewellery
 e - an uncursed ring of resist corrosion
 h - a ring of positive energy (left hand)
 o - an amulet of rage (around neck)
 u - a ring of protection from fire (right hand)
Wands
 s - a wand of confusion (35/48)
 v - a wand of digging (8/24)
 y - a wand of disintegration (8/24)
 Q - a wand of digging (15/24)
 W - a wand of disintegration (9/24)
Scrolls
 i - 3 scrolls of identify
 n - a scroll of remove curse
 r - 2 scrolls of teleportation
 w - 4 scrolls of blinking
 z - a scroll of immolation
 A - 4 scrolls of magic mapping
 H - a scroll of recharging
 L - a scroll of amnesia
 N - 2 scrolls of fog
Potions
 a - a potion of mutation {unknown}
 b - 2 potions of curing
 j - 3 potions of brilliance {unknown}
 k - a potion of degeneration {unknown}
 l - 4 potions of agility
 q - 2 potions of heal wounds
 x - 2 potions of cancellation
 B - a potion of ambrosia {unknown}
 D - a potion of invisibility {unknown}
 G - 3 potions of haste
 K - a potion of flight {unknown}
 S - a potion of might {unknown}
Books
 C - a book of Misfortune

   Spells                             Type                      Level
   a - Confusing Touch                Hexes                        1
   b - Confuse                        Hexes                        3
   c - Gell's Gravitas                Translocation                3
   d - Petrify                        Transmutation/Earth          4
   e - Metabolic Englaciation         Hexes/Ice                    5
   f - Yara's Violent Unravelling     Hexes/Transmutation          5
 E - a book of Geomancy

   Spells                             Type                      Level
   a - Sandblast                      Earth                        1
   b - Passwall                       Transmutation/Earth          2
   c - Stone Arrow                    Conjuration/Earth            3
   d - Petrify                        Transmutation/Earth          4
   e - Lee's Rapid Deconstruction     Earth                        5
 I - a book of Cantrips

   Spells                             Type                      Level
   a - Confusing Touch                Hexes                        1
   b - Animate Skeleton               Necromancy                   1
   c - Summon Small Mammal            Summoning                    1
   d - Apportation                    Translocation                1
 P - a book of Battle

   Spells                             Type                      Level
   a - Infusion                       Charms                       1
   b - Shroud of Golubria             Charms/Translocation         2
   c - Song of Slaying                Charms                       2
   d - Spectral Weapon                Hexes/Charms                 3
   e - Regeneration                   Charms/Necromancy            3
 V - a book of Maledictions

   Spells                             Type                      Level
   a - Corona                         Hexes                        1
   b - Ensorcelled Hibernation        Hexes/Ice                    2
   c - Confuse                        Hexes                        3
   d - Tukima's Dance                 Hexes                        3
   e - Dazzling Spray                 Conjuration/Hexes            3
Comestibles
 c - 14 bread rations
 f - 10 meat rations
 g - 7 royal jellies
 t - 16 fruits


   Skills:
 + Level 10.6 Fighting
 + Level 14.0 Axes
 * Level 15.6 Armour
 + Level 4.0 Dodging
 + Level 7.3 Shields
 * Level 11.4 Invocations
 + Level 2.0 Evocations


You had 12 spell levels left.
You didn't know any spells.

Dungeon Overview and Level Annotations

Branches:
Dungeon (10/15)            Temple (0/1) D:4            Lair (6/6) D:10
 Shoals (0/4) Lair:3        Snake (0/4) Lair:3        Slime (0/5) Lair:6
    Orc: D:9-12

Altars:
Ashenzari
Dithmenos
Fedhas
Makhleb
Zin
The Shining One

Shops:
D:8 :}[[

Annotations:
Lair:2 exclusion: oklob plant


Innate Abilities, Weirdness & Mutations

You reflexively headbutt those who attack you in melee.
You have a pair of horns on your head.


Message History

The polar bear bites you!
* * * LOW HITPOINT WARNING * * *
The polar bear claws you but does no damage.
You block the polar bear's attack.
The merfolk avatar chants its luring song.
You feel much better. The water moccasin bites you.
* * * LOW HITPOINT WARNING * * *
You are poisoned.
The water moccasin poisons you! The polar bear bites you.
* * * LOW HITPOINT WARNING * * *
You block the polar bear's attack. The polar bear claws you.
* * * LOW HITPOINT WARNING * * *
The water moccasin bites you but does no damage.
Unknown command.
As you read the scroll of teleportation, it crumbles to dust.
You feel strangely unstable.
You feel sick.
The water moccasin bites you but does no damage.
The merfolk avatar chants its luring song.
The drowned soul touches you. The drowned soul drowns you!
You die...

....≈≈##≈≈##≈≈##≈≈##≈≈#.≈≈.#.....
..≈≈≈≈≈≈≈≈≈≈≈≈≈≈P≈≈≈≈≈≈≈PP≈≈.....
≈≈≈≈≈≈≈≈≈≈P≈≈≈≈≈≈≈≈P≈≈≈≈≈≈≈.....
≈P.#≈## #######.########≈.......
≈≈#.≈ #8≈P≈≈≈≈≈≈≈# .≈.#.....
#≈≈P≈≈P#≈≈≈# ≈≈≈.≈#..
#≈≈≈≈≈≈≈≈≈≈# #≈≈≈≈#..#
#≈≈≈≈≈≈S≈≈≈#≈≈≈#≈ #≈.##.
.≈#≈?)W@h≈≈≈≈≈≈#≈##.P...
.≈≈≈(≈≈(≈≈≈≈≈≈P≈≈P≈.P...
.≈≈≈|≈m)≈≈≈≈P8≈≈≈≈≈.....
.≈#≈}$)?≈≈≈≈≈≈≈#≈##.....
#≈≈≈≈≈≈≈≈≈≈#≈≈≈#≈##P.<..
#≈≈≈≈≈≈≈≈≈≈#≈≈≈#≈≈≈≈....
#≈≈≈P≈≈≈≈≈≈# ≈≈≈≈≈≈....# .≈#
#8≈≈≈≈≈≈≈≈8# P≈#≈..≈...#
..##≈###################.≈##...##


You could see a merfolk avatar, a polar bear, a water moccasin and a drowned
soul.

Vanquished Creatures
  Gastronok (Lair:1)
  A catoblepas (Lair:2)
  2 two-headed ogres
  6 death yaks
  A sea snake (Lair:6)
  Pikel (D:7)
  An oklob plant (Lair:1)
  11 spiny frogs
  2 black mambas
  2 elephants
  A torpor snail (Lair:2)
  8 komodo dragons
  5 rime drakes
  A troll (D:10)
  3 hornets
  3 polar bears
  12 hippogriffs
  4 blink frogs (Lair:4)
  46 yaks
  3 wyverns
  3 basilisks
  A hungry ghost (D:10)
  A steam dragon (Lair:1)
  Edmund (D:5)
  2 nagas (Lair:3)
  The ghost of hawthornbunny the Insei, an amateur TeTm of Fedhas (D:3)
  16 water moccasins
  3 orc warriors
  7 porcupines
  A sky beast (D:9)
  A black bear (D:10)
  A phantom (D:5)
  10 centaurs
  An ice beast (D:6)
  A necrophage (D:7)
  5 ogres
  4 wolves (Lair:5)
  14 crocodiles
  13 bullfrogs
  2 scorpions
  8 wights
  4 howler monkeys
  2 electric eels
  A bullfrog zombie (D:5)
  2 crimson imps
  13 jellies
  2 bullfrog skeletons
  9 orc priests
  4 hounds
  14 orc wizards
  4 centaur skeletons
  2 hell rats (Lair:1)
  4 iguanas
  12 worker ants
  A hound zombie (D:7)
  2 hound skeletons
  7 gnolls
  17 adders
  8 river rats (Lair:1)
  2 shadow imps
  3 oozes
  An adder skeleton (D:7)
  3 worms
  A dart slug (D:1)
  11 leopard geckos
  43 orcs
  8 giant cockroaches
  10 goblins
  3 hobgoblins
  6 jackals
  3 kobolds
  2 quokkas
  5 ball pythons
  7 bats
  4 frilled lizards
  A quokka skeleton (D:9)
  8 rats
  A bush (Lair:3)
  4 fungi (Lair:6)
  2 plants
446 creatures vanquished.

Vanquished Creatures (others)
  3 hydras
  3 oklob plants (Lair:1)
  An acid dragon (D:10)
  An electric eel (D:10)
  3 fungi
  14 plants
25 creatures vanquished.

Grand Total: 471 creatures vanquished

Notes
Turn   | Place    | Note
-------+----------+-------------------------------------------
     0 | Abyss:1  | Gargoyl the Minotaur Abyssal Knight began the quest for the Orb.
     0 | Abyss:1  | Reached XP level 1. HP: 19/19 MP: 1/1
    29 | Abyss:2  | Noticed a wight
    29 | Abyss:2  | Noticed a wight
    36 | Abyss:2  | Noticed an orange demon
    96 | Abyss:3  | Noticed an efreet
    96 | Abyss:3  | Noticed a tentacled starspawn
    96 | D:1      | Escaped the Abyss
   297 | D:1      | Reached * piety under Lugonu
   300 | D:1      | Reached XP level 2. HP: 24/27 MP: 2/2
   678 | D:2      | Reached XP level 3. HP: 33/33 MP: 3/3
   690 | D:2      | Reached skill level 3 in Armour
   960 | D:2      | Reached XP level 4. HP: 39/41 MP: 4/4
  1519 | D:3      | Noticed hawthornbunny's ghost (amateur TeTm)
  1549 | D:3      | Killed hawthornbunny's ghost
  1549 | D:3      | Reached skill level 4 in Armour
  1549 | D:3      | Reached XP level 5. HP: 34/47 MP: 4/6
  1554 | D:3      | Reached ** piety under Lugonu
  1860 | D:3      | Reached XP level 6. HP: 35/53 MP: 7/7
  2207 | D:3      | Found a burning altar of Makhleb.
  2229 | D:3      | Found a blossoming altar of Fedhas.
  2230 | D:3      | Found a glowing golden altar of the Shining One.
  2575 | D:4      | Reached skill level 5 in Axes
  2602 | D:4      | Found a staircase to the Ecumenical Temple.
  2634 | D:4      | Reached skill level 5 in Fighting
  3330 | D:4      | Reached skill level 5 in Armour
  3460 | D:5      | Entered Level 5 of the Dungeon
  3475 | D:5      | Reached XP level 7. HP: 61/61 MP: 8/8
  3663 | D:5      | Reached *** piety under Lugonu
  3753 | D:5      | Reached skill level 6 in Armour
  3786 | D:5      | Noticed Edmund
  3833 | D:5      | Killed Edmund
  3833 | D:5      | Reached skill level 1 in Shields
  4106 | D:5      | Reached XP level 8. HP: 54/69 MP: 10/10
  4944 | D:6      | Reached skill level 7 in Armour
  4944 | D:6      | Reached skill level 5 in Invocations
  5452 | D:6      | Reached skill level 1 in Evocations
  5910 | D:7      | Reached skill level 8 in Armour
  5990 | D:7      | Reached XP level 9. HP: 60/75 MP: 12/12
  6195 | D:7      | Found a shadowy altar of Dithmenos.
  6369 | D:7      | Found a glowing silver altar of Zin.
  6809 | D:7      | Noticed Pikel
  6827 | D:7      | Killed Pikel
  6883 | D:7      | Reached **** piety under Lugonu
  7262 | D:7      | Reached skill level 9 in Armour
  7407 | D:8      | Found Cutaeluso's Antique Armour Emporium.
  7423 | D:8      | Found Vesh's Gadget Shoppe.
  7535 | D:8      | Found Kuebleepn's Book Shop.
  7881 | D:8      | Found Dovarusm's Antique Armour Shoppe.
  8398 | D:9      | Reached XP level 10. HP: 77/86 MP: 14/14
  8582 | D:9      | Noticed a two-headed ogre
  8611 | D:9      | Killed a two-headed ogre
  8611 | D:9      | Reached skill level 10 in Axes
  8611 | D:9      | Reached skill level 10 in Armour
  8817 | D:9      | Found a shattered altar of Ashenzari.
  9229 | D:10     | Entered Level 10 of the Dungeon
  9381 | D:10     | Reached ***** piety under Lugonu
  9403 | D:10     | Noticed a two-headed ogre
  9432 | D:10     | Killed a two-headed ogre
  9432 | D:10     | Reached skill level 11 in Armour
  9908 | D:10     | Found a staircase to the Lair.
  9908 | D:10     | Noticed an elephant
  9923 | D:10     | Killed an elephant
 10702 | D:10     | Reached XP level 11. HP: 92/94 MP: 15/15
 11225 | D:10     | Paralysed by a hornet for 3 turns
 11232 | D:10     | Paralysed by a hornet for 2 turns
 11652 | Lair:1   | Entered Level 1 of the Lair of Beasts
 11867 | Lair:1   | Reached skill level 12 in Armour
 12214 | Lair:1   | Noticed Gastronok
 12235 | Lair:1   | Killed Gastronok
 13074 | Lair:1   | Noticed an oklob plant
 13074 | Lair:1   | Noticed an oklob plant
 13074 | Lair:1   | Noticed an oklob plant
 13074 | Lair:1   | Noticed an oklob plant
 13132 | Lair:1   | Banished an oklob plant
 13218 | Lair:1   | Banished an oklob plant
 13219 | Lair:1   | Banished an oklob plant
 13277 | Lair:1   | Killed an oklob plant
 13933 | Lair:2   | Reached skill level 13 in Armour
 14287 | D:8      | Bought a smelly plate armour for 700 gold pieces
 14297 | D:8      | Identified the cursed +0 plate armour "Pewytag" {rF+ rN+ Regen+} (You bought it in a shop on level 8 of the Dungeon)
 14382 | Lair:2   | Noticed a catoblepas
 14397 | Lair:2   | Killed a catoblepas
 14397 | Lair:2   | Reached XP level 12. HP: 86/104 MP: 16/18
 14860 | Lair:2   | Reached skill level 10 in Invocations
 15025 | Lair:2   | Found a blossoming altar of Fedhas.
 15288 | Lair:2   | Found a blossoming altar of Fedhas.
 15768 | Lair:3   | Found a staircase to the Snake Pit.
 15906 | Lair:3   | Reached skill level 14 in Armour
 16153 | Lair:3   | Noticed a seven-headed hydra
 16161 | Lair:3   | Banished a seven-headed hydra
 16162 | Lair:3   | Found a staircase to the Shoals.
 16173 | Lair:3   | Reached skill level 5 in Shields
 17543 | Lair:5   | Reached skill level 10 in Fighting
 17545 | Lair:5   | Reached XP level 13. HP: 93/113 MP: 19/19
 18034 | Lair:6   | Entered Level 6 of the Lair of Beasts
 18529 | Lair:6   | Reached skill level 15 in Armour
 19134 | D:8      | Bought a pair of crude boots for 266 gold pieces
 19144 | D:8      | Identified the cursed +0 pair of boots of Leaves {-Tele +Inv rN+ Int+5} (You bought it in a shop on level 8 of the Dungeon)
 20076 | Lair:6   | Found a staircase to the Slime Pits.
 20304 | Lair:6   | Drowned by a drowned soul

Skill      XL: |  1  2  3  4  5  6  7  8  9 10 11 12 13 |
---------------+----------------------------------------+-----
Invocations    | 2 3 4 5 6 7 9 10 11 | 11.4
Fighting       | 4 5 6 7 9 10 | 10.6
Armour         | 3 4 5 6 8 9 11 13 14 15 | 15.6
Axes           | 3 4 5 6 7 9 10 12 13 14 | 14.0
Dodging        | 2 3 4 |  4.0
Shields        | 1 2 3 4 5 7 |  7.3
Evocations     | 1 2 |  2.0

Action                   |  1- 3 |  4- 6 |  7- 9 | 10-12 | 13-15 || total
-------------------------+-------+-------+-------+-------+-------++-------
Melee: Hand axe          |    60 |   187 |   153 |   784 |   325 ||  1509
       Headbutt          |     6 |    29 |    86 |   168 |    74 ||   363
       War axe           |       |       |   261 |       |       ||   261
Invok: Depart the Abyss  |     1 |       |       |       |       ||     1
       Banish            |       |       |       |    11 |     8 ||    19
       Bend Space        |       |       |       |     4 |       ||     4
 Abil: Evoke Berserk Rag |       |       |     5 |     1 |       ||     6
Evoke: Wand              |       |       |     7 |     7 |       ||    14
  Use: Scroll            |     3 |     8 |     5 |    12 |     3 ||    31
       Potion            |       |     1 |     1 |     2 |     5 ||     9
 Stab: Confused          |       |       |     2 |     5 |       ||     7
  Eat: Chunk             |       |     8 |    21 |    26 |     6 ||    61
       Bread ration      |       |       |       |     2 |     1 ||     3
       Fruit             |       |       |       |     3 |       ||     3
Armor: Leather armour    |    15 |       |       |       |       ||    15
       Scale mail        |    18 |    50 |       |       |       ||    68
       Skin              |       |    17 |    11 |       |       ||    28
       Chain mail        |       |    68 |   243 |   198 |       ||   509
       Plate armour      |       |       |       |   215 |   199 ||   414
Dodge: Dodged            |    58 |    82 |   180 |   263 |    71 ||   654
Block: Buckler           |       |     7 |    86 |   117 |       ||   210
       Shield            |       |       |       |    44 |   137 ||   181
